 Dungeon Crawl Stone Soup version 0.18-a0-1120-g03bd624 (webtiles) character file.

33 Chiseanne the Skirmisher (level 3, 3/30 HPs)
             Began as a Centaur Air Elementalist on Jan 17, 2016.
             Quit the game on level 1 of the Dungeon.
             The game lasted 00:01:29 (1539 turns).

Chiseanne the Skirmisher (Centaur Air Elementalist) Turns: 1539, Time: 00:01:29

Health: 3/30       AC:  4    Str: 10    XL:     3   Next: 12%
Magic:  1/5        EV:  9    Int: 15    God:
Gold:   38         SH:  0    Dex:  9    Spells: 1 memorised, 4 levels left

rFire  . . .     SeeInvis .     e - +0 short sword
rCold  . . .     Gourm    .     a - +0 robe
rNeg   . . .     Faith    .     (no shield)
rPois  .         Spirit   .     (no helmet)
rElec  .         Dismiss  .     (no cloak)
rCorr  .         Reflect  .     (no gloves)
SustAt .         Harm     .     (no barding)
MR     .....                    (no amulet)
Stlth  +.........               (no ring)
                                (no ring)

@: lethally poisoned (3 -> -9), very quick, not resistant to hostile
enchantments, very unstealthy
A: hooves 3, deformed body, speed 2, tough skin 3
a: no special abilities


You were on level 1 of the Dungeon.
You were not hungry.

You visited 1 branch of the dungeon, and saw 1 of its levels.

You collected 38 gold pieces.

Inventory:

Hand Weapons
 e - a +0 short sword (weapon)
Missiles
 d - 48 arrows
Armour
 a - a +0 robe (worn)
Jewellery
 l - an uncursed ring of wizardry {unknown}
Scrolls
 f - a scroll of teleportation {unknown}
 g - a scroll of identify {unknown}
 i - a scroll of remove curse {unknown}
 k - 2 scrolls of fear {unknown}
 m - 2 scrolls of recharging {unknown}
Books
 b - a book of Air

   Spells                             Type                      Level
   a - Shock                          Conjuration/Air              1
   b - Swiftness                      Charms/Air                   2
   c - Repel Missiles                 Charms/Air                   2
   d - Static Discharge               Conjuration/Air              3
   e - Lightning Bolt                 Conjuration/Air              5
Comestibles
 c - 2 bread rations
 h - 3 fruits
 j - a royal jelly


   Skills:
 + Level 2.8 Fighting
 - Level 1.3 Dodging
 - Level 1.2 Stealth
 - Level 1.5 Spellcasting
 - Level 0.8 Conjurations
 - Level 2.6 Air Magic


You had 4 spell levels left.
You knew the following spells:

 Your Spells              Type           Power        Failure   Level  Hunger
a - Shock                 Conj/Air       #...         12%         1    ##.....


Dungeon Overview and Level Annotations

Branches:
Dungeon (1/15)

Altars:


Innate Abilities, Weirdness & Mutations

You have hooves in place of feet.
Armour fits poorly on your strangely shaped body.
You cover ground very quickly.
You have extremely tough skin (AC +3).


Message History

Aim: an adder (heavily wounded)
The zap hits the adder.
The adder is almost dead.
* * * LOW HITPOINT WARNING * * *
You feel sick. The adder closely misses you.
Casting: Shock
Confirm with . or Enter, or press ? or * to list all spells.
Aiming: Shock
Press: ? - help, Shift-Dir - straight line, f/p - adder
Aim: an adder (almost dead)
The zap hits the adder.
You kill the adder!
You have reached level 3!
Your experience leads to an increase in your attributes!
Increase (S)trength, (I)ntelligence, or (D)exterity?
You feel clever.
* * * LOW HITPOINT WARNING * * *
You feel sick.
You aren't carrying any potions.
Are you sure you want to abandon this character and quit the game? (Confirm with "yes".)

...####.......##...## ...#
#.......##....# ####
#.......##.[..########
#.....................
#####'##########.########
## #................# .#
#................## .#
#.................# .#
#............@....# .#
#####'######......#######.
.####
#.....................
..[.#
#############..#######
....###### #........#
....##...#### #........#
........†...# #........#
....##...##.#
#........##########
#...##...##.#
#.......>'.........


There were no monsters in sight!

Vanquished Creatures
  An adder (D:1)
  An ooze (D:1)
  2 bats (D:1)
  2 goblins (D:1)
  4 hobgoblins (D:1)
  A jackal (D:1)
  A ball python (D:1)
  3 kobolds (D:1)
  4 rats (D:1)
19 creatures vanquished.

Notes
Turn   | Place    | Note
--------------------------------------------------------------
     0 | D:1      | Chiseanne the Centaur Air Elementalist began the quest for the Orb.
     0 | D:1      | Reached XP level 1. HP: 14/14 MP: 3/3
   188 | D:1      | Reached skill level 1 in Fighting
   722 | D:1      | Reached XP level 2. HP: 21/24 MP: 4/4
  1538 | D:1      | Reached XP level 3. HP: 4/30 MP: 1/5
  1539 | D:1      | Quit the game

Vault maps used:
D:1:      matt_arrival_grand_opening

Action                   || total
-------------------------++-------
Melee: Dagger            ||    10
       Unarmed           ||     7
       Club              ||     6
       Short sword       ||    42
 Cast: Shock             ||     8
  Eat: Chunk             ||     1
